 Dungeon Crawl Stone Soup version 0.32-a0-913-g739538afd8 (webtiles) character file.

Game seed: 15461588450738228715

231 KennySheep the Sneak (level 5, -2/45 HPs)
             Began as an Armataur Delver on Apr 10, 2024.
             Was a Believer of Wu Jian.
             Slain by Menkaure (16 damage)
             ... on level 4 of the Dungeon.
             The game lasted 00:14:08 (2775 turns).

KennySheep the Sneak (Armataur Delver)              Turns: 2775, Time: 00:14:09

Health: -2/45      AC:  5    Str: 17    XL:     5   Next: 72%
Magic:  5/5        EV:  8    Int: 11    God:    Wu Jian [**....]
Gold:   67         SH:  4    Dex: 13    Spells: 2/4 levels left

rFire   . . .        a - +4 dagger
rCold   . . .        m - +0 buckler
rNeg    . . .        b - +0 leather armour
rPois   .            (no helmet)
rElec   .            k - +0 cloak
rCorr   .            (no gloves)
SInv    .            (no barding)
Will    .....        (no amulet)
Stlth   +++          (no ring)
HPRegen 0.27/turn    (no ring)
MPRegen 1.41/turn

%: roll
@: no status effects
A: large, deformed body, tough skin 3, armoured tail, rollpage 1
a: Renounce Religion, Wall Jump


You were on level 4 of the Dungeon.
You worshipped Wu Jian.
Wu Jian was pleased with you.
You visited 1 branch of the dungeon, and saw 5 of its levels.

You collected 130 gold pieces.
You spent 63 gold pieces at shops.

Inventory:

Hand Weapons
 a - a +4 dagger (weapon)
 n - a +0 short sword
Armour
 b - a +0 leather armour (worn)
 k - a +0 cloak (worn)
 m - a +0 buckler (worn)
Jewellery
 p - a ring of ice
Wands
 g - a wand of digging (3)
Scrolls
 c - a scroll of fog
 d - a scroll of revelation
 e - a scroll of teleportation
 l - a scroll of vulnerability {unknown}
 o - 2 scrolls of amnesia
 q - a scroll of blinking {unknown}
 r - a scroll of identify
 t - a scroll of enchant armour {unknown}
Potions
 f - a potion of haste
 h - a potion of might {unknown}
 i - a potion of attraction
 j - a potion of enlightenment {unknown}


   Skills:
 + Level 3.3 Fighting
 * Level 3.2 Short Blades
 + Level 2.1 Armour
 - Level 1.3 Dodging
 * Level 6.5 Stealth
 * Level 2.2 Shields
 + Level 0.0 Translocations


You had 2 spell levels left.
You knew the following spells:

 Your Spells              Type           Power      Damage    Failure   Level
a - Blink                 Tloc           0%         N/A       63%         2

Your spell library contained the following spells:

 Spells                   Type           Power      Damage    Failure   Level
 Sandblast                Erth           0%         2d4       50%         1
 Lesser Beckoning         Tloc           0%         N/A       63%         2
 Momentum Strike          Conj/Tloc      0%         3d8       63%         2
 Fugue of the Fallen      Necr           0%         N/A       86%         3
 Ozocubu's Armour         Ice            0%         N/A       86%         3
 Sigil of Binding         Hex            0%         N/A       86%         3
 Stone Arrow              Conj/Erth      0%         3d7       86%         3
 Brom's Barrelling Bould  Conj/Erth      0%         2d3       99%         4
 Death Channel            Necr           0%         N/A       100%        6
 Sculpt Simulacrum        Ice/Alch       0%         N/A       100%        6
 Manifold Assault         Tloc           0%         N/A       100%        7


Dungeon Overview and Level Annotations

Branches:
Dungeon (5/15)             Temple (0/1) D:4

Altars:
Wu Jian

Shops:
D:1 =   D:3 [

Annotations:
D:4 Menkaure


Innate Abilities, Weirdness & Mutations

Armour fits poorly on your strangely shaped body.
You have extremely tough skin. (AC +3)
You have a long armoured tail.
You regenerate magic when rolling toward enemies. (Rampage MPRegen)


Message History

Menkaure shouts!
Menkaure mumbles some strange words.
Menkaure seems to speed up.
Menkaure closely misses you.
You hit Menkaure.
You tail-slap Menkaure, but do no damage.
Menkaure is lightly damaged.
Menkaure closely misses you.
Okay, then.
Okay, then.
You hit Menkaure.
Your tail-slap misses Menkaure.
Menkaure is lightly damaged.
Menkaure calls on the powers of darkness!
Your body is wracked with pain!
You hit Menkaure but do no damage.
Menkaure is lightly damaged.
Menkaure closely misses you.
You hit Menkaure.
Your tail-slap misses Menkaure.
Menkaure is lightly damaged.
Menkaure barely misses you.
You hit Menkaure.
Menkaure is moderately damaged.
You block Menkaure's attack.
You hit Menkaure but do no damage.
Menkaure is moderately damaged.
Menkaure barely misses you.
You hit Menkaure. You tail-slap Menkaure.
Menkaure is heavily damaged.
Menkaure calls on the powers of darkness!
Your body is wracked with pain!
You hit Menkaure but do no damage.
Your tail-slap misses Menkaure.
Menkaure is heavily damaged.
Menkaure calls on the powers of darkness!
Your body is wracked with pain!
* * * LOW HITPOINT WARNING * * *
You feel better. Menkaure hits you!
* * * LOW HITPOINT WARNING * * *
Menkaure hits you but does no damage.
You feel better. Menkaure hits you!
You die...

...#####.#.##......
...................
......#.#.#.......
#####.#...........
# #.#....#...... #.
#.#†.!## ## . #.#
#.....#
#.M####.....#
#.@..$.....#
####.......#
#.......#
#.....†..........
.................
.................#
..............####
#...............
##...##.........


You could see Menkaure (fast).

Vanquished Creatures
  An orc priest (D:3)
  Natasha (thrice) (D:2)
  4 adders (D:2)
  A dart slug (D:4)
  9 orcs (D:3)
  5 endoplasms
  8 giant cockroaches
  3 goblins
  10 hobgoblins
  4 jackals (D:1)
  6 quokkas
  4 ball pythons
  6 bats
  2 frilled lizards
  4 kobolds
  4 rats
74 creatures vanquished.

Notes
Turn   | Place    | Note
-------+----------+-------------------------------------------
     0 | D:5      | KennySheep the Armataur Delver began the quest for the Orb.
     0 | D:5      | Reached XP level 1. HP: 18/18 MP: 1/1
   166 | D:1      | Reached XP level 2. HP: 15/25 MP: 2/2
   402 | D:1      | Reached skill level 1 in Armour
   528 | D:1      | Reached XP level 3. HP: 29/30 MP: 3/3
   644 | D:1      | Found Qoedeiczui's One-of-a-Kind Rings.
  1062 | D:2      | Found a faded altar of an unknown god.
  1068 | D:2      | Reached skill level 6 in Stealth
  1077 | D:2      | Reached skill level 1 in Shields
  1083 | D:2      | Prayed at the altar of an unknown god.
  1083 | D:2      | Became a worshipper of the Wu Jian Council
  1083 | D:2      | Reached * piety under Wu Jian
  1210 | D:2      | Reached XP level 4. HP: 36/38 MP: 4/4
  1446 | D:2      | Noticed Natasha
  1447 | D:2      | Killed Natasha
  1549 | D:2      | Noticed Natasha
  1555 | D:2      | Killed Natasha
  1645 | D:2      | Noticed Natasha
  1667 | D:2      | Killed Natasha
  1668 | D:2      | Reached XP level 5. HP: 29/45 MP: 5/5
  2213 | D:3      | Reached ** piety under Wu Jian
  2516 | D:3      | Found Halliku's Armour Emporium.
  2557 | D:3      | Bought a +0 cloak for 63 gold pieces
  2595 | D:3      | Learned a level 2 spell: Blink
  2671 | D:4      | Found a staircase to the Ecumenical Temple.
  2708 | D:4      | Noticed a black bear
  2761 | D:4      | Noticed Menkaure
  2775 | D:4      | Slain by Menkaure

Illustrated notes

Levels and vault maps discovered:
D:1:      dpeg_arrival_rhombi, layout_basic, nicolae_shop_unique_rings
D:2:      layout_rooms, nicolae_ecumenical_snake_handling, grunt_ministairs_5,
          uniq_natasha
D:3:      layout_basic, serial_shops, shop
D:4:      layout_rooms, minmay_temple_entry_purple_smoke, minmay_statues_item,
          uniq_eustachio, uniq_menkaure
D:5:      layout_loops_ring, minitemple, serial_shops, kennysheep_little_box,
          minmay_misc_feat_encased

Skill      XL: |  1  2  3  4  5 |
---------------+----------------+-----
Short Blades   | 2 3 |  3.2
Armour         | 1 2 |  2.1
Stealth        | 6 |  6.5
Fighting       | 3 |  3.3
Shields        | 1 2 |  2.2
Dodging        | |  1.3

Action                     |  1- 3 |  4- 6 || total
---------------------------+-------+-------++-------
  Melee: Short sword       |    90 |       ||    90
         Tailslap          |    14 |    15 ||    29
         Dagger            |    15 |    91 ||   106
Ability: Lunge             |       |    29 ||    29
    Use: Scroll            |     2 |     5 ||     7
         Potion            |       |     4 ||     4
   Stab: Sleeping          |     9 |    14 ||    23
         Fleeing           |     1 |       ||     1
 Armour: Leather armour    |    66 |    26 ||    92
  Dodge: Dodged            |    38 |    20 ||    58
  Block: Buckler           |     6 |     3 ||     9

Table legend: (Time is in decaauts)
 A = Elapsed time spent in this place.
 B = Non-inter-level travel time spent in this place.
 C = Inter-level travel time spent in this place.
 D = Time resting spent in this place.
 E = Time spent auto-exploring this place.
 F = Levels seen in this place.
 G = Mean time per level.
                   A        B        C        D        E       F      G
               +--------+--------+--------+--------+--------+-----+--------+
         Total |   2757 |   2595 |    162 |    411 |   1583 |   5 |  551.4 |
       Dungeon |   2757 |   2595 |    162 |    411 |   1583 |   5 |  551.4 |
               +--------+--------+--------+--------+--------+-----+--------+

Top non-repeatable levels by time:
     D:2: 1028 daAuts
     D:1: 875 daAuts
     D:3: 647 daAuts
     D:4: 179 daAuts
     D:5: 25 daAuts
